Map: 缀蓝秋原-天梯版

Players

AeiS

  • Race: Protoss Protoss
  • Spawn Location: 1:00

TIME (Oliveira) - Winner!

  • Race: Terran Terran
  • Spawn Location: 7:00

Event: WCS Montreal 2018

VOD

Have the link to the VOD?

Description

Time

  • Played on: Sept. 7, 2018, 12:25 p.m.
  • Length: 8:50

All games in this series

Show
View Real Time Build Order
Export as new Build Order

AeiS Protoss 

Build Orders:  

Get SALT Encoding   

  12  0:00  Probe  
  13  0:12  Probe  
  14  0:17  Pylon  
  14  0:24  Probe  
  15  0:32  Probe  
  15  0:38  Gateway  
  15  0:40  Probe  
  16  0:48  Assimilator  
  17  0:51  Probe  
  18  0:58  Pylon  
  18  1:03  Probe  
  19  1:15  Probe  
  19  1:16  Gateway  
  20  1:26  Cybernetics Core  
  20  1:33  Zealot  
  20  1:37  Probe  
  23  1:44  Pylon  
  23  1:49  Probe  
  23  1:51  Assimilator  
  24  1:56  Stalker  
  24  1:57  Stalker  
  24  2:01  Probe  
  29  2:14  Warp Gate  
  28  2:17  Pylon  
  28  2:22  Probe  
  29  2:26  Stalker  
  31  2:35  Stalker  
  33  2:39  Probe  
  34  2:55  Probe  
  34  2:58  Twilight Council  
  35  3:03  Stalker  
  35  3:27  Probe  
  35  3:30  Nexus  
  36  3:52  Resonating Glaives  
  36  3:57  Pylon  
  36  4:05  Robotics Facility  
  36  4:11  Pylon  
  36  4:15  Probe  
  36  4:16  Gateway  
  37  4:27  Probe  
  38  4:39  Probe  
  38  4:43  Adept  
  41  4:46  Gateway  
  41  4:47  Gateway  
  41  4:49  Gateway  
  41  4:51  Probe  
  42  4:59  Shield Battery  
  42  5:03  Adept  
  42  5:06  Observer  
  45  5:13  Gateway  
  45  5:20  Gateway  
  45  5:23  Probe  
  45  5:24  Warp Prism  
  45  5:25  Probe  
  49  5:40  Adept  
  51  5:42  Adept  
  51  5:47  Adept  
  55  5:52  Pylon  
  55  5:55  Adept  
  57  6:00  Adept  
  57  6:03  Adept  
  61  6:10  Adept  
  63  6:11  Adept  
  63  6:16  Adept  
  67  6:22  Adept  
  69  6:27  Pylon  
  69  6:28  Pylon  
  58  6:55  Adept x2  
  58  6:56  Adept x4  
  58  6:59  Adept  
  70  7:17  Adept x3  
  70  7:18  Adept x2  
  70  7:20  Sentry  
  82  7:22  Sentry  
  82  7:41  Adept x4  
  66  7:45  Adept  
  56  7:53  Adept x2  
  56  8:02  Adept x2  
  56  8:04  Adept  
  62  8:09  Adept  
  62  8:12  Adept  
  66  8:17  Adept  
  68  8:21  Adept  
  68  8:24  Sentry  
  68  8:25  Sentry  
  74  8:41  Adept x4  
Show
View Real Time Build Order
Export as new Build Order

TIME Terran - Winner!

Build Orders: Cyclone Opening, Gas First Reaper Expand, Reaper Expand, MMM Bio 

Get SALT Encoding   

  12  0:01  SCV  
  13  0:13  SCV  
  14  0:17  Supply Depot  
  14  0:25  SCV  
  15  0:29  Refinery  
  15  0:39  SCV  
  16  0:45  Barracks  
  16  0:51  SCV  
  17  1:03  SCV  
  18  1:15  SCV  
  19  1:32  Reaper, Orbital Command  
  20  1:45  Command Center  
  20  1:55  Factory  
  20  1:58  SCV  
  21  2:04  Refinery  
  21  2:08  Barracks Reactor  
  21  2:17  SCV  
  21  2:19  Supply Depot  
  22  2:29  SCV  
  23  2:30  Bunker  
  23  2:40  Cyclone  
  26  2:44  Marine  
  26  2:46  Marine  
  26  2:48  SCV  
  27  2:57  Supply Depot  
  27  3:02  Marine  
  27  3:04  Marine  
  29  3:13  Cyclone  
  31  3:20  Marine  
  31  3:26  SCV  
  32  3:33  Orbital Command  
  32  3:40  Orbital Command  
  32  3:41  SCV  
  32  3:50  Cyclone  
  32  3:51  Marine  
  32  3:53  Marine  
  33  3:57  SCV  
  34  4:09  SCV  
  35  4:11  Marine x2  
  35  4:15  SCV  
  38  4:23  Factory Tech Lab  
  38  4:24  SCV  
  38  4:25  Barracks x2  
  38  4:28  SCV  
  38  4:30  Marine  
  41  4:36  SCV  
  42  4:40  SCV  
  42  4:42  Siege Tank  
  46  4:50  Supply Depot  
  46  4:51  SCV  
  46  4:53  SCV  
  46  4:56  Engineering Bay  
  47  5:03  SCV  
  47  5:04  Marine x2  
  47  5:05  SCV  
  51  5:13  Barracks Tech Lab  
  51  5:15  SCV  
  51  5:17  SCV  
  51  5:20  Marine  
  51  5:21  Stimpack, Supply Depot  
  54  5:23  Terran Infantry Weapons Level 1  
  54  5:27  SCV  
  55  5:29  SCV  
  55  5:30  Marine x2  
  55  5:32  Combat Shields  
  58  5:37  Starport  
  58  5:38  Factory Reactor  
  58  5:40  SCV  
  58  5:41  SCV  
  60  5:44  Supply Depot  
  60  5:45  Marine  
  60  5:46  Marine  
  62  5:51  Refinery  
  62  5:55  SCV x2  
  62  5:56  Marine  
  65  6:00  Missile Turret  
  65  6:03  Marauder  
  67  6:04  Marine  
  67  6:07  SCV x2, Supply Depot  
  67  6:10  Marauder  
  72  6:13  Marine  
  73  6:19  SCV  
  73  6:22  Marine  
  73  6:24  Medivac  
  77  6:25  Marine  
  77  6:28  Medivac  
  77  6:30  Supply Depot  
  77  6:31  Marauder  
  82  6:35  SCV, Supply Depot  
  82  6:36  SCV, Marine  
  85  6:40  Marine  
  73  6:55  SCV  
  73  6:57  Marauder, Marine x2  
  77  7:02  SCV  
  77  7:03  Command Center  
  77  7:04  Medivac x2  
  82  7:08  Concussive Shells  
  82  7:09  Marine  
  82  7:11  SCV  
  86  7:15  Marauder  
  86  7:20  Marauder, Marine  
  89  7:26  SCV  
  89  7:28  SCV, Barracks  
  89  7:29  Barracks, Marine  
  92  7:33  Liberator  
  88  7:38  SCV, Marine  
  88  7:43  Liberator  
  64  7:45  SCV  
  64  7:47  Marine  
  64  7:48  Marine  
  64  7:49  Marauder  
  64  7:50  SCV  
  63  7:57  SCV  
  64  8:02  Marine  
  64  8:04  SCV  
  69  8:07  Marine  
  69  8:08  Marine  
  69  8:09  SCV  
  69  8:12  Marine  
  72  8:16  SCV  
  72  8:17  Orbital Command  
  74  8:20  Barracks Reactor  
  74  8:21  SCV, Barracks Tech Lab  
  74  8:23  Marine  
  76  8:28  SCV  
  76  8:31  Marine  
Tags
 
Add a new tag
Caveats
  • Supply blocks, unpowered buildings, or Contaminate may cause inaccurate times.
  • Supply counts are checked every 10 seconds.